 Dungeon Crawl Stone Soup version 0.31.0-11-ge490571c62 (webtiles) character file.

Game seed: 7772445017115938157

58 CraigForest the Poker (level 4, 0/76 HPs)
             Began as a Merfolk Gladiator on Feb 4, 2024.
             Succumbed to a kobold's poison
             ... on level 2 of the Dungeon.
             The game lasted 00:03:20 (1109 turns).

CraigForest the Poker (Merfolk Gladiator)           Turns: 1109, Time: 00:03:20

Health: 0/76       AC: 22    Str: 16    XL:     4   Next: 2%
Magic:  4/4        EV:  2    Int:  7    God:
Gold:   94         SH:  0    Dex: 15    Spells: 3/3 levels left

rFire   . . .        a - +0 trident
rCold   . . .        (no shield)
rNeg    . . .        g - melded +0 ring mail
rPois   +            c - melded +0 helmet
rElec   .            (cloak currently unavailable)
rCorr   .            (gloves currently unavailable)
SInv    .            (boots currently unavailable)
Will    .....        (no amulet) Stlth
                     (no ring)
HPRegen 0.32/turn    (no ring)
MPRegen 0.09/turn

%: no passive effects
@: berserking, lethally poisoned (0 -> -4), tree-form, very quick
A: stationary, stasis, torment immunity, boosted hp, (nimble swimmer 2),
(mertail)
a: no special abilities


You were on level 2 of the Dungeon.
You were a tree.
You visited 1 branch of the dungeon, and saw 2 of its levels.

You collected 94 gold pieces.

Inventory:

Hand Weapons
 a - a +0 trident (weapon)
Missiles
 d - 3 throwing nets (quivered)
 e - a javelin
 i - 5 poisoned darts
Armour
 b - a +0 leather armour
 c - a +0 helmet (melded)
 g - a +0 ring mail (melded)
Talismans
 n - a serpent talisman
Scrolls
 h - a scroll of immolation {unknown}
 k - a scroll of identify {unknown}
 l - a scroll of fear {unknown}


   Skills:
 + Level 2.8 Fighting
 * Level 5.3 Polearms
 + Level 2.0 Throwing
 + Level 0.5 Armour
 * Level 4.4 Dodging


You had 3 spell levels left.
You didn't know any spells.
Your spell library contained the following spells:

 Spells                   Type           Power      Damage    Failure   Level
 Hailstorm                Conj/Ice       0%         3d5       80%         3
 Summon Ice Beast         Ice/Summ       0%         N/A       80%         3
 Sculpt Simulacrum        Ice/Alch       0%         N/A       100%        6


Dungeon Overview and Level Annotations

Branches:
Dungeon (2/15)

Altars:
Zin


Innate Abilities, Weirdness & Mutations

You are a tree.
Your roots penetrate the ground, keeping you stationary.
You cannot be teleported.
You are immune to unholy pain and torment.
Your maximum health is greatly increased.
Your equipment is partially melded.
((You are very nimble when in or above water. (Stealth+, EV+, Speed+++)))
((Your lower body shifts to a powerful aquatic tail in water.))


Message History

You feel sick. The endoplasm hits you.
* * * LOW HITPOINT WARNING * * *
The hobgoblin closely misses you.
The quokka bites you but does no damage.
The kobold hits you but does no damage.
You are lethally poisoned!
* * * LOW HITPOINT WARNING * * *
You feel very sick. The endoplasm hits you.
* * * LOW HITPOINT WARNING * * *
It was a potion of lignification.
You turn into a tree.
Your +0 helmet melds into your body.
Your +0 ring mail melds into your body.
Your roots penetrate the ground.
* * * LOW HITPOINT WARNING * * *
You feel sick.
The quokka bites you but does no damage.
The hobgoblin hits you but does no damage.
The endoplasm hits you but does no damage.
It was a potion of magic.
Magic courses through your body.
* * * LOW HITPOINT WARNING * * *
You feel sick.
The quokka bites you but does no damage.
The hobgoblin hits you but does no damage.
The endoplasm freezes you.
You are frozen.
* * * LOW HITPOINT WARNING * * *
It was a potion of berserk rage.
A red film seems to cover your vision as you go berserk!
You feel yourself moving faster!
You feel mighty!
* * * LOW HITPOINT WARNING * * *
You feel sick.
The quokka bites you but does no damage.
The hobgoblin hits you but does no damage.
The endoplasm hits you.
* * * LOW HITPOINT WARNING * * *
The quokka bites you but does no damage.
You are too berserk!
Unknown command.
You barely miss the endoplasm.
You die...

.......##..........#
.....####..........#
##...# #..........#
.....# #..........#
.....# #..........#
##.### #..........# ##.#
##.#####.### ##.
#.#####.# ##.## .
#......♣#[....# .
#.....Jrg...... ##
.).....K..$.... ###
#......)....... ## ... #
.......>....... .##.. .
............... ....#.#
#..............
.##.#.####......#.......
................ .......


You could see an endoplasm, a quokka, a hobgoblin and a kobold.

Vanquished Creatures
  A gnoll (D:1)
  An adder (D:2)
  2 dart slugs
  A ribbon worm (D:2)
  3 bats
  4 endoplasms
  A giant cockroach (D:2)
  3 goblins
  3 hobgoblins (D:1)
  5 kobolds
  A quokka (D:2)
  3 ball pythons (D:2)
  2 frilled lizards
  2 rats (D:1)
32 creatures vanquished.

Notes
Turn   | Place    | Note
-------+----------+-------------------------------------------
     0 | D:1      | CraigForest the Merfolk Gladiator began the quest for the
                  | Orb.
     0 | D:1      | Reached XP level 1. HP: 16/16 MP: 1/1
    31 | D:1      | Reached XP level 2. HP: 17/22 MP: 2/2
   540 | D:1      | Reached XP level 3. HP: 9/28 MP: 3/3
   905 | D:2      | Reached skill level 5 in Polearms
   993 | D:2      | Found a glowing silver altar of Zin.
  1071 | D:2      | Reached XP level 4. HP: 34/34 MP: 4/4
  1108 | D:2      | HP: 3/76 [poisoned by a kobold]
  1108 | D:2      | HP: 1/76 [endoplasm (2)]
  1109 | D:2      | Succumbed to a kobold's poison

Illustrated notes

Levels and vault maps discovered:
D:1:      roadster_arrival_rocket_small, layout_basic, minmay_strange_pillars,
          chequers_hall_statues_corner_a
D:2:      layout_rooms, basic_altar

Skill      XL: |  1  2  3 |
---------------+----------+-----
Polearms       | 5 |  5.3
Fighting       | |  2.8
Throwing       | |  2.0
Armour         | |  0.5
Dodging        | |  4.4

Action                     |  1- 3 |  4- 6 || total
---------------------------+-------+-------++-------
  Melee: Trident           |   117 |    10 ||   127
    Use: Potion            |       |     3 ||     3
 Armour: Leather armour    |     4 |       ||     4
         Ring mail         |    44 |    12 ||    56
         Skin              |       |     9 ||     9
  Dodge: Dodged            |    57 |    18 ||    75
